 Dungeon Crawl Stone Soup version 0.32-a0-473-gd044c6f0f0 (webtiles) character file.

Game seed: 5726317166456080002

75 cforsyth the Trooper (level 4, -16/35 HPs)
             Began as a Coglin Gladiator on Feb 25, 2024.
             Killed by an exploding water moccasin (30 damage)
             ... ignited by their inner flame
             ... on level 3 of the Dungeon.
             The game lasted 00:01:55 (1221 turns).

cforsyth the Trooper (Coglin Gladiator)             Turns: 1221, Time: 00:01:56

Health: -16/35     AC:  4    Str: 16    XL:     4   Next: 31%
Magic:  4/4        EV: 12    Int:  7    God:
Gold:   129        SH:  0    Dex: 16    Spells: 3/3 levels left

rFire   . . .        a - +0 war axe {Ximena}
rCold   . . .        (no shield)
rNeg    . . .        b - +0 leather armour
rPois   .            c - +0 helmet
rElec   .            (no cloak)
rCorr   .            (no gloves)
SInv    .            (no boots)
Will    .....        (no amulet)
Stlth   +            (ring unavailable)
HPRegen 0.25/turn    (ring unavailable)
MPRegen 0.09/turn

%: no passive effects
@: brilliant, lethally poisoned (-16 -> -21), attractive, revving
A: off-hand wielding, slow wielding, warmup strikes, no rings
a: no special abilities


You were on level 3 of the Dungeon.
You visited 1 branch of the dungeon, and saw 3 of its levels.

You collected 129 gold pieces.


Innate Abilities, Weirdness & Mutations

You can wield a second weapon in your off-hand.
It takes a long time for you to wield or remove held weapons.
Your first few attacks do less damage.
Your grasper-arms cannot wear rings.


   Skills:
 + Level 3.4 Fighting
 - Level 3.0 Axes
 - Level 1.7 Throwing
 + Level 2.3 Armour
 - Level 2.6 Dodging


You had 3 spell levels left.
You didn't know any spells.
Your spell library contained the following spells:

 Spells                   Type           Power      Damage    Failure   Level
 Hailstorm                Conj/Ice       0%         3d5       86%         3
 Inner Flame              Hex/Fire       0%         N/A       86%         3
 Summon Ice Beast         Ice/Summ       0%         N/A       86%         3
 Irradiate                Conj/Alch      0%         3d11      100%        5
 Sculpt Simulacrum        Ice/Alch       0%         N/A       100%        6
 Ignition                 Fire           0%         3d3       100%        8

Inventory:

Hand Weapons
 a - a +0 war axe (weapon) {Ximena}
Missiles
 d - 3 throwing nets (quivered) {=f}
 e - a javelin
Armour
 b - a +0 leather armour (worn)
 c - a +0 helmet (worn)
 j - a scarf of harm
Scrolls
 f - 4 scrolls of identify {unknown}
 k - 2 scrolls of enchant armour {unknown}
 m - a scroll of teleportation {unknown}
Potions
 i - 3 potions of curing {@q1}
 p - a potion of brilliance

Dungeon Overview and Level Annotations

Branches:
Dungeon (3/15)

Altars:

#.# .# ......
#.#..###§#§§# #
#.#§.##§§§§§##.
#.#§§#§§§§§§...
#.#.§§.§§§§§#
#..§§#§#§§§#####
#<...§§§§§§§....
...###.##.#.#§§○####
.............#§§@#
##......##.###§§§#
#.........§§§§§§§.
##.>....§§§§§§§§###
........§§#§#####
.###########§# #.# #


There were no monsters in sight!


Message History

Anything else - Cancel.
Okay, then.
As you read the scroll labelled LADESE XAFFYNA, it crumbles to dust.
You hear a loud clanging noise!
It was a scroll of noise.
You feel sick.
You hear a shout! x2
The water moccasin bites you.
You are more poisoned.
The water moccasin poisons you!
The air fills with toxic fumes!
As you read the scroll labelled VAOVECZA SOPPUAPP, it crumbles to dust.
It was a scroll of poison.
You feel very sick.
The water moccasin barely misses you. x2
As you read the scroll labelled QUPNYS EJAINESK, it crumbles to dust.
The creatures around you are filled with an inner flame!
It was a scroll of immolation.
You feel very sick. The water moccasin closely misses you.
You slash the water moccasin!
Flame seeps out of the water moccasin.
The water moccasin is severely wounded.
You feel very sick.
The water moccasin is engulfed in blazing flames.
Flame seeps out of the water moccasin.
The water moccasin bites you.
* * * LOW HITPOINT WARNING * * *
The water moccasin is engulfed in blazing flames.
The water moccasin explodes!
The fiery explosion engulfs you!!
Ouch! That really hurt!
You die...

Skill      XL: |  1  2  3 |
---------------+----------+-----
Armour         | 1 2 |  2.3
Fighting       | 3 |  3.4
Axes           | |  3.0
Throwing       | |  1.7
Dodging        | |  2.6

Action                     |  1- 3 |  4- 6 || total
---------------------------+-------+-------++-------
  Melee: War axe           |    76 |    25 ||   101
    Use: Potion            |       |     5 ||     5
         Scroll            |       |     3 ||     3
   Stab: Sleeping          |     2 |       ||     2
 Armour: Leather armour    |    41 |    28 ||    69
  Dodge: Dodged            |    45 |    20 ||    65

Levels and vault maps discovered:
D:1:      zaba_arrival_water, layout_basic, shapermc_ecumenical_altar_pompeii,
          chequers_serial_rivers_marsh
D:2:      layout_rooms
D:3:      layout_basic, serial_shops, shop, uniq_jessica, uniq_robin

Notes
Turn   | Place    | Note
-------+----------+-------------------------------------------
     0 | D:1      | cforsyth the Coglin Gladiator began the quest for the Orb.
     0 | D:1      | Reached XP level 1. HP: 16/16 MP: 1/1
    66 | D:1      | Reached skill level 1 in Armour
    66 | D:1      | Reached XP level 2. HP: 20/23 MP: 2/2
   322 | D:1      | Found a faded altar of an unknown god.
   445 | D:1      | Reached XP level 3. HP: 28/28 MP: 3/3
   636 | D:2      | Reached skill level 3 in Fighting
   736 | D:2      | Reached skill level 2 in Armour
   794 | D:2      | Reached XP level 4. HP: 34/35 MP: 4/4
  1205 | D:3      | Noticed a water moccasin
  1221 | D:3      | Killed a water moccasin
  1221 | D:3      | Killed by an exploding water moccasin... ignited by their
                  | inner flame

Vanquished Creatures
  A water moccasin (D:3)
  3 adders (D:2)
  2 dart slugs
  An orc (D:2)
  4 ball pythons (D:1)
  5 endoplasms
  3 giant cockroaches
  6 goblins
  6 hobgoblins
  A quokka (D:2)
  A bat (D:1)
  5 frilled lizards
  A kobold (D:1)
  3 rats (D:1)
42 creatures vanquished.

Table legend: (Time is in decaauts)
 A = Elapsed time spent in this place.
 B = Non-inter-level travel time spent in this place.
 C = Inter-level travel time spent in this place.
 D = Time resting spent in this place.
 E = Time spent auto-exploring this place.
 F = Levels seen in this place.
 G = Mean time per level.
                   A        B        C        D        E       F      G
               +--------+--------+--------+--------+--------+-----+--------+
         Total |   1264 |   1215 |     49 |      0 |    925 |   3 |  421.3 |
       Dungeon |   1264 |   1215 |     49 |      0 |    925 |   3 |  421.3 |
               +--------+--------+--------+--------+--------+-----+--------+

Top non-repeatable levels by time:
     D:1: 660 daAuts
     D:2: 580 daAuts
     D:3: 24 daAuts

Table legend:
 A = Non-vault XP
 B = Vault XP
 C = Vault XP percentage of total XP
 D = Non-vault monster count
 E = Vault monster count
 F = Vault count percentage of total count
                 A         B        C        D         E       F
            +---------+---------+-------+---------+---------+-------
      Total |     265 |       0 |   0.0 |      42 |       0 |   0.0
            +---------+---------+-------+---------+---------+-------
        D:1 |      42 |       0 |   0.0 |      25 |       0 |   0.0
        D:2 |      66 |       0 |   0.0 |      16 |       0 |   0.0
        D:3 |     157 |       0 |   0.0 |       1 |       0 |   0.0
            +---------+---------+-------+---------+---------+-------
